 Dungeon Crawl Stone Soup version 0.23.2-40-g277498a (webtiles) character file.

Game seed: 1856257161386827249

70 Fang the Skirmisher (level 4, -1/43 HPs)
             Began as a Gargoyle Berserker on Oct 14, 2019.
             Was a Believer of Trog.
             Slain by an iguana (4 damage)
             ... on level 4 of the Dungeon.
             The game lasted 00:03:00 (1716 turns).

Fang the Skirmisher (Gargoyle Berserker)            Turns: 1716, Time: 00:03:01

Health: -1/43      AC:  5    Str: 26    XL:     4   Next: 21%
Magic:  4/4        EV: 12    Int:  8    God:    Trog [**....]
Gold:   92         SH:  0    Dex:  9    Spells: 3/3 levels left

rFire    . . .     SeeInvis .   a - +0 hand axe
rCold    . . .     Gourm    .   (no shield)
rNeg     + . .     Faith    .   b - +0 animal skin
rPois    ∞         Spirit   .   (no helmet)
rElec    +         Reflect  .   (no cloak)
rCorr    .         Harm     .   (no gloves)
MR       .....                  (no boots)
Stlth    ..........             (no amulet)
HPRegen  0.14/turn              (no ring)
MPRegen  0.09/turn              (no ring)

@: berserking, very quick
A: negative energy resistance 1, electricity resistance, unbreathing,
petrification resistance, rot immunity, AC +3
a: Berserk, Trog's Hand, Renounce Religion


You were on level 4 of the Dungeon.
You worshipped Trog.
Trog was pleased with you.
You were hungry.

You visited 1 branch of the dungeon, and saw 3 of its levels.

You collected 92 gold pieces.

Inventory:

Hand Weapons
 a - a +0 hand axe (weapon)
Armour
 b - a +0 animal skin (worn)
Jewellery
 l - an uncursed ring of ice {unknown}
Scrolls
 d - 2 scrolls of remove curse {unknown}
 f - a scroll of identify {unknown}
 i - a scroll of random uselessness {unknown}
 j - a scroll of magic mapping {unknown}
 k - a scroll of enchant weapon {unknown}
 m - a scroll of enchant armour {unknown}
Potions
 e - a potion of curing {unknown}
 h - a potion of might {unknown}
Comestibles
 c - 5 rations
 g - 3 chunks of flesh


   Skills:
 + Level 3.9 Fighting
 + Level 3.2 Axes
 + Level 3.0 Armour
 + Level 2.2 Dodging


You had 3 spell levels left.
You didn't know any spells.
Your spell library was empty.

Dungeon Overview and Level Annotations

Branches:
Dungeon (2/15)

Altars:


Innate Abilities, Weirdness & Mutations

You are resistant to torment.
Your stone body is resilient. (AC +3)
You are immune to poison.
You resist negative energy. (rN+)
You are resistant to electric shocks. (rElec)
You can survive without breathing.
You are immune to petrification.
You are immune to rotting.


Message History

The jackal bites you but does no damage.
You are too injured to fight recklessly!
You hit the jackal.
The jackal is heavily wounded.
You completely miss the orc. You slash the orc!
You kill the orc!
Trog accepts your kill.
You barely miss the orc. You slash the iguana!
The iguana bites you but does no damage.
The orc barely misses you. The jackal closely misses you.
The orc hits you with a +0 mace.
* * * LOW HITPOINT WARNING * * *
You are too injured to fight recklessly!
You closely miss the jackal.
The jackal is heavily wounded.
You barely miss the iguana. You hit the orc but do no damage. You hit the orc.
The jackal bites you.
* * * LOW HITPOINT WARNING * * *
The iguana bites you.
You die...

#.# ###.# ...# #
#..# ###.####..# ###
#.....h#..# ##.##
#$$...o#[.####.#.##
....ooh@......###.##
#...%olo..##.##
##.#####
...###.#.##.##
##..... .
...#.##..## ##.#####
............###.##
#####...)....#.##
#.###.#.#.## #.
#..#.### ...##.#


You could see an iguana, an orc priest, 4 orcs and 2 jackals.

Vanquished Creatures
  Robin (D:2)
  A worm (D:2)
  2 dart slugs (D:1)
  An orc (D:4)
  3 giant cockroaches (D:1)
  12 goblins
  7 hobgoblins
  6 kobolds
  2 ball pythons
  5 bats
  3 frilled lizards
  3 rats
46 creatures vanquished.

Notes
Turn   | Place    | Note
-------+----------+-------------------------------------------
     0 | D:1      | Fang the Gargoyle Berserker began the quest for the Orb.
     0 | D:1      | Reached XP level 1. HP: 14/14 MP: 1/1
   100 | D:1      | Reached XP level 2. HP: 16/19 MP: 2/2
   916 | D:1      | Reached XP level 3. HP: 23/23 MP: 3/3
  1320 | D:2      | Noticed Robin
  1347 | D:2      | Reached ** piety under Trog
  1504 | D:2      | Killed Robin
  1504 | D:2      | Reached XP level 4. HP: 20/29 MP: 4/4
  1691 | D:2      | You fall through a shaft for 2 floors!
  1716 | D:4      | Slain by an iguana

Skill      XL: |  1  2  3 |
---------------+----------+-----
Axes           | 3 |  3.2
Dodging        | 2 |  2.2
Armour         | 3 |  3.0
Fighting       | |  3.9

Action                   |  1- 3 |  4- 6 || total
-------------------------+-------+-------++-------
Melee: Hand axe          |   112 |     9 ||   121
Invok: Berserk           |     2 |     1 ||     3
       Trog's Hand       |     1 |       ||     1
  Eat: Chunk             |     3 |     2 ||     5
Armor: Animal skin       |    56 |     3 ||    59
Dodge: Dodged            |    94 |     8 ||   102
